 Dungeon Crawl Stone Soup version 0.29.0-15-g675c0067aa (webtiles) character file.

Game seed: 16092197943731203561

7 qw the Sneak (level 2, -1/19 HPs)
             Began as a Gargoyle Delver on Sept 11, 2022.
             Slain by an orc
             ... wielding a +0 hand axe
              (2 damage)
             ... on level 4 of the Dungeon.
             The game lasted 00:00:02 (30 turns).

qw the Sneak (Gargoyle Delver)                        Turns: 30, Time: 00:00:03

Health: -1/19      AC:  5    Str: 15    XL:     2   Next: 4%
Magic:  2/2        EV: 11    Int: 10    God:
Gold:   0          SH:  0    Dex: 11    Spells: 1/1 levels left

rFire   . . .      SeeInvis .   a - +0 hand axe
rCold   . . .      Faith    .   (no shield)
rNeg    + . .      Spirit   .   b - +0 leather armour
rPois   inf        Reflect  .   (no helmet)
rElec   +          Harm     .   (no cloak)
rCorr   .          Rampage  .   (no gloves)
Will    .....                   (no boots)
Stlth   +++.......              (no amulet)
HPRegen 0.06/turn               (no ring)
MPRegen 0.08/turn               (no ring)

@: no status effects
A: sickness immunity, AC +2, negative energy resistance 1, electricity
resistance, torment resistance 1, petrification resistance
a: no special abilities


You were on level 4 of the Dungeon.
You visited 1 branch of the dungeon, and saw 2 of its levels.


Innate Abilities, Weirdness & Mutations

You are immune to sickness and miasma.
Your stone body is resilient. (AC +2)
You are immune to poison.
You resist negative energy. (rN+)
You are resistant to electric shocks. (rElec)
You are resistant to unholy torment.
You are immune to petrification.


   Skills:
 - Level 3.2 Fighting
 + Level 2.4 Axes
 - Level 1.5 Dodging
 - Level 5.4 Stealth


You had one spell level left.
You didn't know any spells.
Your spell library was empty.

Inventory:

Hand Weapons
 a - a +0 hand axe (weapon)
Armour
 b - a +0 leather armour (worn)
Wands
 g - a wand of digging (3)
Potions
 f - a potion of haste

Dungeon Overview and Level Annotations

Branches:
Dungeon (5/15)
 Temple: D:4-7

Altars:

Shops:
D:5 (


Message History

You hear a shout!
The ufetubus closely misses you. The ufetubus barely misses you.
The ufetubus hits you but does no damage.
The ufetubus hits you.
You barely miss the ufetubus. The ufetubus barely misses you. x2
You hit the ufetubus.
The ufetubus is severely wounded.
The ufetubus hits you but does no damage. x4
You barely miss the ufetubus.
The ufetubus is severely wounded.
The ufetubus misses you.
The ufetubus hits you but does no damage.
The ufetubus hits you. The ufetubus misses you.
You barely miss the ufetubus.
The ufetubus is heavily wounded.
The ufetubus closely misses you. The ufetubus barely misses you.
The ufetubus misses you. The ufetubus completely misses you.
You barely miss the ufetubus.
The ufetubus is heavily wounded.
The ufetubus closely misses you. The ufetubus hits you.
The ufetubus closely misses you. The ufetubus hits you.
You hit the ufetubus.
You kill the ufetubus!
Your Axes skill increases to level 2!
You slash the orc!
You kill the orc!
You have reached level 2!
You hit the orc but do no damage. The orc hits you with a +0 hand axe.
You hit the orc.
The orc is almost dead.
The orc hits you but does no damage.
You closely miss the orc.
The orc is almost dead.
The orc closely misses you.
You barely miss the orc.
The orc is almost dead.
The orc hits you with a +0 hand axe. x2
You die...

# ##.
###...####
#......o@+
#.#...####
##. o. .#
#


You could see an orc.

Vanquished Creatures
  An ufetubus (D:4)
  An orc (D:4)
2 creatures vanquished.

Notes
Turn   | Place    | Note
-------+----------+-------------------------------------------
     0 | D:5      | qw the Gargoyle Delver began the quest for the Orb.
     0 | D:5      | Reached XP level 1. HP: 14/14 MP: 1/1
     0 | D:5      | 0 ||| qw: Version: 0.1-a-118-gb4e7ce6
     0 | D:5      | 0 ||| qw: Game counter: 10544
     0 | D:5      | 0 ||| qw: Always use a shield: true
     0 | D:5      | 0 ||| qw: God list: Okawaru
     0 | D:5      | 0 ||| qw: Allow faded altars: false
     0 | D:5      | 0 ||| qw: Do Orc after D:15 true
     0 | D:5      | 0 ||| qw: Do second Lair branch before Depths: true
     0 | D:5      | 0 ||| qw: Lair rune preference: random
     0 | D:5      | 0 ||| qw: Plans: Normal
     0 | D:5      | 0 ||| PLANNING D:1-11
     0 | D:5      | 0 ||| DROPPING scroll of fog.
     1 | D:5      | 1 ||| DROPPING scroll of magic mapping.
     2 | D:5      | 2 ||| DROPPING scroll of fear.
    10 | D:4      | 10 ||| Stepping ~*~*~tactically~*~*~ (stealth).
    23 | D:4      | HP: 3/14 [ufetubus (1)]
    26 | D:4      | Reached XP level 2. HP: 4/19 MP: 2/2
    30 | D:4      | HP: 1/19 [orc/+0 hand axe (1)]
    30 | D:4      | Slain by an orc

Levels and vault maps discovered:
D:4:      layout_loops_corners, minmay_temple_entry_tees, uniq_grinder
D:5:      layout_rooms, serial_shops, shop_fountains, uniq_ijyb

Skill      XL: |  1 |
---------------+----+-----
Axes           | 2 |  2.4
Fighting       | |  3.2
Dodging        | |  1.5
Stealth        | |  5.4

Action                   || total
-------------------------++-------
Melee: Hand axe          ||    16
Armor: Leather armour    ||    10
Dodge: Dodged            ||    21

Table legend:
 A = Non-vault XP
 B = Vault XP
 C = Vault XP percentage of total XP
 D = Non-vault monster count
 E = Vault monster count
 F = Vault count percentage of total count
                 A         B        C        D         E       F
            +---------+---------+-------+---------+---------+-------
      Total |      11 |       0 |   0.0 |       2 |       0 |   0.0
            +---------+---------+-------+---------+---------+-------
        D:4 |      11 |       0 |   0.0 |       2 |       0 |   0.0
            +---------+---------+-------+---------+---------+-------
